TOP OF THE 1ST |
New York Yankees batting - Pitching for Kansas City Royals : RHP Dennis Holifield
|
Pitching: RHP Dennis Holifield
|
|
Batting: LHB Jason Peck
|
0-0: Foul Ball, location: 2F 0-1: Fly out, F7 (Flyball, 7, EV 89.4 MPH)
|
Batting: LHB Joel Vera
|
0-0: Ball 1-0: SOLO HOME RUN (Flyball, 89XD, EV 99.4 MPH), Distance : 426 ft
|
Batting: SHB Edwin Dominguez
|
0-0: Swinging Strike 0-1: Called Strike 0-2: Strikes out swinging
|
Batting: RHB Larry Martell
|
0-0: Foul Ball, location: 2F 0-1: Ball 1-1: Ball 2-1: Called Strike 2-2: Ball 3-2: Strikes out swinging
|
Top of the 1st over - 1 run, 1 hit, 0 errors, 0 left on base; New York 1 - Kansas City 0 |
BOTTOM OF THE 1ST |
Kansas City Royals batting - Pitching for New York Yankees : RHP Devon Wiley
|
Pitching: RHP Devon Wiley
|
|
Batting: SHB Jose Pacheco
|
0-0: Ball 1-0: Foul Ball, location: 2F 1-1: Ball 2-1: Foul Ball, location: 2F 2-2: SINGLE (Groundball, 4D, EV 105.0 MPH)
|
Batting: RHB Imbart Faber
|
0-0: Called Strike 0-1: Ball 1-1: Called Strike 1-2: Strikes out swinging
|
Batting: RHB Mike Jaquez
|
0-0: Ball 1-0: Called Strike 1-1: Ball 2-1: Called Strike 2-2: Foul Ball, location: 2F 2-2: Foul Ball, location: 2F 2-2: Ball 3-2: Strikes out swinging Jose Pacheco is caught stealing 2nd base 2-4 Batter strikes out.
|
Bottom of the 1st over - 0 runs, 1 hit, 0 errors, 0 left on base; New York 1 - Kansas City 0 |
TOP OF THE 2ND |
New York Yankees batting - Pitching for Kansas City Royals : RHP Dennis Holifield
|
Batting: SHB Victor Ruiz
|
0-0: Ball 1-0: Foul Ball, location: 2F 1-1: Ball 2-1: Ball 3-1: Swinging Strike 3-2: Strikes out swinging
|
Batting: SHB Mukhtar Wa'il
|
0-0: Foul Ball, location: 2F 0-1: Ball 1-1: Foul Ball, location: 2F 1-2: Ball 2-2: Ball 3-2: Base on Balls
|
Batting: RHB Devon Utley
|
0-0: Called Strike 0-1: Ball 1-1: SINGLE (Groundball, 34D, EV 98.1 MPH) Mukhtar Wa'il to second Runner from 2nd tries for 3rd, SAFE, throw by RF made to third
|
Batting: LHB Jose Lebron
|
0-0: Called Strike Devon Utley steals 2nd base 0-1: Ground out 1-3 (Groundball, 34S, EV 66.9 MPH)
|
Pitching: RHP Ken Hall
|
|
Batting: LHB Brad Ritter
|
0-0: Ball 1-0: Swinging Strike 1-1: Ball 2-1: Foul Ball, location: 2F 2-2: Fly out, F7 (Flyball, 7LM, EV 88.1 MPH)
|
Top of the 2nd over - 0 runs, 1 hit, 0 errors, 2 left on base; New York 1 - Kansas City 0 |
BOTTOM OF THE 2ND |
Kansas City Royals batting - Pitching for New York Yankees : RHP Devon Wiley
|
Batting: SHB Gil Switzer
|
0-0: Called Strike 0-1: Fly out, F7 (Flyball, 7, EV 72.5 MPH)
|
Batting: LHB Manny Estrada
|
0-0: Ball 1-0: Ball 2-0: DOUBLE (Flyball, 8RXD, EV 91.2 MPH)
|
Batting: RHB Adam Martin
|
0-0: Called Strike 0-1: Ball 1-1: Ground out 4-3 (Groundball, 13, EV 90.0 MPH) Manny Estrada to third
|
Batting: LHB Sam Britt
|
0-0: Ball 1-0: Ball 2-0: Ball 3-0: Called Strike 3-1: Foul Ball, location: 2F 3-2: Hit by Pitch
|
Batting: LHB Zion Davidson
|
0-0: Called Strike 0-1: Swinging Strike 0-2: Strikes out looking
|
Bottom of the 2nd over - 0 runs, 1 hit, 0 errors, 2 left on base; New York 1 - Kansas City 0 |
TOP OF THE 3RD |
New York Yankees batting - Pitching for Kansas City Royals : RHP Ken Hall
|
Batting: LHB Jason Peck
|
0-0: Ball 1-0: Ball 2-0: Foul Ball, location: 2F 2-1: Ball 3-1: SOLO HOME RUN (Flyball, 9D, EV 97.5 MPH), Distance : 377 ft
|
Batting: LHB Joel Vera
|
0-0: Ball 1-0: Ball 2-0: Called Strike 2-1: Swinging Strike 2-2: Ball 3-2: Strikes out swinging
|
Batting: SHB Edwin Dominguez
|
0-0: SINGLE (Line Drive, 7LS, EV 90.0 MPH)
|
Batting: RHB Larry Martell
|
0-0: Called Strike 0-1: Ball 1-1: Ball 2-1: Ball 3-1: Foul Ball, location: 2F 3-2: Strikes out swinging
|
Batting: SHB Victor Ruiz
|
0-0: Ball 1-0: Swinging Strike 1-1: Foul Ball, location: 2F 1-2: Foul Ball, location: 2F 1-2: Ball 2-2: Strikes out looking
|
Top of the 3rd over - 1 run, 2 hits, 0 errors, 1 left on base; New York 2 - Kansas City 0 |
BOTTOM OF THE 3RD |
Kansas City Royals batting - Pitching for New York Yankees : RHP Devon Wiley
|
Batting: RHB Mikolas Markus
|
0-0: Ball 1-0: Foul Ball, location: 2F 1-1: Foul Ball, location: 2F 1-2: Ball 2-2: Fly out, F9 (Line Drive, 9LD, EV 87.5 MPH)
|
Batting: SHB Jose Pacheco
|
0-0: Ball 1-0: Ball 2-0: Ball 3-0: Called Strike 3-1: Foul Ball, location: 2F 3-2: DOUBLE (Flyball, 89D, EV 112.5 MPH)
|
Batting: RHB Imbart Faber
|
0-0: Foul Ball, location: 2F 0-1: Ground out 6-3 (Groundball, 6, EV 88.8 MPH) Jose Pacheco to third
|
Batting: RHB Mike Jaquez
|
0-0: Ball 1-0: Fly out, F8 (Line Drive, 8RM, EV 100.0 MPH)
|
Bottom of the 3rd over - 0 runs, 1 hit, 0 errors, 1 left on base; New York 2 - Kansas City 0 |
TOP OF THE 4TH |
New York Yankees batting - Pitching for Kansas City Royals : RHP Ken Hall
|
Pitching: LHP John Brooks
|
|
Batting: SHB Mukhtar Wa'il
|
0-0: Called Strike 0-1: Ball 1-1: Ball 2-1: Foul Ball, location: 2F 2-2: Strikes out swinging
|
Batting: RHB Devon Utley
|
0-0: Ball 1-0: Foul Ball, location: 2F 1-1: Ground out 5-3 (Groundball, 56S, EV 68.1 MPH)
|
Batting: LHB Jose Lebron
|
0-0: Called Strike 0-1: Swinging Strike 0-2: Strikes out swinging
|
Top of the 4th over - 0 runs, 0 hits, 0 errors, 0 left on base; New York 2 - Kansas City 0 |
BOTTOM OF THE 4TH |
Kansas City Royals batting - Pitching for New York Yankees : RHP Devon Wiley
|
Pitching: RHP Eric Aguilar
|
|
Batting: SHB Gil Switzer
|
0-0: Called Strike 0-1: Ball 1-1: Foul Ball, location: 2F 1-2: Strikes out looking
|
Batting: LHB Manny Estrada
|
0-0: Swinging Strike 0-1: Swinging Strike 0-2: Ball 1-2: Foul Ball, location: 2F 1-2: Foul Ball, location: 2F 1-2: Strikes out looking
|
Batting: RHB Adam Martin
|
0-0: Fly out, F8 (Flyball, 8RD, EV 91.2 MPH)
|
Bottom of the 4th over - 0 runs, 0 hits, 0 errors, 0 left on base; New York 2 - Kansas City 0 |
TOP OF THE 5TH |
New York Yankees batting - Pitching for Kansas City Royals : LHP John Brooks
|
Pitching: RHP Terry Romaine
|
|
Now at 2B: Jose Pacheco
|
|
Now at SS: Yuichi Takata
|
|
Batting: LHB Brad Ritter
|
0-0: Swinging Strike 0-1: Ball 1-1: Swinging Strike 1-2: Strikes out swinging
|
Batting: LHB Jason Peck
|
0-0: Foul Ball, location: 2F 0-1: Foul Ball, location: 2F 0-2: DOUBLE (Flyball, 78D, EV 90.6 MPH)
|
Batting: LHB Joel Vera
|
0-0: Ball 1-0: Ball 2-0: Ground out 5-3 (Groundball, 6, EV 91.2 MPH) Jason Peck to third
|
Batting: SHB Edwin Dominguez
|
0-0: Reaches on Catchers interference
|
Pinch Hitting: RHB Russ Shambaugh
|
0-0: Called Strike 0-1: Called Strike 0-2: Foul Ball, location: 2F 0-2: Hit by Pitch Edwin Dominguez to second
|
Pinch Hitting: LHB Jordan de Jesus
|
0-0: Ball 1-0: Swinging Strike 1-1: Ground out U3 (Groundball, 3, EV 110.0 MPH)
|
Top of the 5th over - 0 runs, 1 hit, 1 error, 3 left on base; New York 2 - Kansas City 0 |
BOTTOM OF THE 5TH |
Kansas City Royals batting - Pitching for New York Yankees : RHP Eric Aguilar
|
Pitching: RHP Chad Curry
|
|
Now at 1B: James Boynton
|
|
Now at 2B: C.J. Richerson
|
|
Now at 3B: Bartholomeu Chambino
|
|
Now in LF: David Bramble
|
|
Now in CF: Russ Shambaugh
|
|
Now in RF: Evan Torraville
|
|
Batting: LHB Sam Britt
|
0-0: Swinging Strike 0-1: Called Strike 0-2: Ball 1-2: Ball 2-2: DOUBLE (Flyball, 8RXD, EV 94.4 MPH)
|
Batting: LHB Zion Davidson
|
0-0: Ball Passed Ball! Sam Britt to third 1-0: Ball 2-0: Called Strike 2-1: Ground out 4-3 (Groundball, 4M, EV 80.6 MPH) Sam Britt scores
|
Batting: RHB Mikolas Markus
|
0-0: Called Strike 0-1: Ball 1-1: Foul Ball, location: 2F 1-2: Strikes out looking
|
Batting: SHB Jose Pacheco
|
0-0: Called Strike 0-1: Called Strike 0-2: Foul Ball, location: 2F 0-2: Ball 1-2: Fly out, F9 (Flyball, 9, EV 93.1 MPH)
|
Bottom of the 5th over - 1 run, 1 hit, 0 errors, 0 left on base; New York 2 - Kansas City 1 |
TOP OF THE 6TH |
New York Yankees batting - Pitching for Kansas City Royals : RHP Terry Romaine
|
Batting: SHB Bartholomeu Chambino
|
0-0: Foul Ball, location: 2F 0-1: Ball 1-1: Ball 2-1: Foul Ball, location: 2F 2-2: Fly out, F7 (Line Drive, 7, EV 84.4 MPH)
|
Batting: RHB Devon Utley
|
0-0: Called Strike 0-1: Foul Ball, location: 2F 0-2: Strikes out swinging
|
Batting: RHB C.J. Richerson
|
0-0: Called Strike 0-1: Ground out 5-3 (Groundball, 56D, EV 90.0 MPH)
|
Top of the 6th over - 0 runs, 0 hits, 0 errors, 0 left on base; New York 2 - Kansas City 1 |
BOTTOM OF THE 6TH |
Kansas City Royals batting - Pitching for New York Yankees : RHP Chad Curry
|
Pitching: RHP Steve Grier
|
|
Now at C: Geni Prawiranega
|
|
Pinch Hitting: LHB Roman Downey
|
0-0: Called Strike 0-1: SINGLE (Line Drive, 6D, EV 107.5 MPH)
|
Batting: RHB Yuichi Takata
|
0-0: Ball 1-0: Fly out, F9 (Flyball, 9LSF, EV 89.4 MPH)
|
Pinch Hitting: RHB Bob Najar
|
0-0: Called Strike 0-1: Foul Ball, location: 2F 0-2: Ball 1-2: Ball 2-2: Strikes out swinging
|
Pinch Hitting: LHB Bill Baconneck
|
0-0: Called Strike 0-1: Foul Ball, location: 2F 0-2: Ball 1-2: Ball 2-2: Fly out, F9 (Flyball, 9LS, EV 93.1 MPH)
|
Bottom of the 6th over - 0 runs, 1 hit, 0 errors, 1 left on base; New York 2 - Kansas City 1 |
TOP OF THE 7TH |
New York Yankees batting - Pitching for Kansas City Royals : RHP Terry Romaine
|
Pitching: RHP Elijah Lewis
|
|
Now at 1B: Bill Baconneck
|
|
Now in CF: Bob Najar
|
|
Now in RF: Roman Downey
|
|
Batting: RHB Geni Prawiranega
|
0-0: Called Strike 0-1: Ball 1-1: Foul Ball, location: 2F 1-2: Foul Ball, location: 2F 1-2: Ground out 5-3 (Groundball, 56, EV 85.0 MPH)
|
Batting: LHB Jason Peck
|
0-0: Ball 1-0: SINGLE (Line Drive, 4MD, EV 96.9 MPH)
|
Batting: LHB Evan Torraville
|
0-0: Foul Ball, location: 2F 0-1: Called Strike 0-2: Strikes out swinging
|
Batting: LHB David Bramble
|
0-0: Called Strike 0-1: Ball 1-1: Foul Ball, location: 2F 1-2: Strikes out swinging
|
Top of the 7th over - 0 runs, 1 hit, 0 errors, 1 left on base; New York 2 - Kansas City 1 |
BOTTOM OF THE 7TH |
Kansas City Royals batting - Pitching for New York Yankees : RHP Steve Grier
|
Pitching: RHP John Brice
|
|
Batting: LHB Chris Eaker
|
0-0: Ball 1-0: Called Strike 1-1: Foul Ball, location: 2F 1-2: Ball 2-2: Foul Ball, location: 2F 2-2: Strikes out swinging
|
Batting: LHB Sam Britt
|
0-0: Ball 1-0: Ground out U3 (Groundball, 3, EV 103.8 MPH)
|
Batting: LHB Zion Davidson
|
0-0: Ground out 4-3 (Groundball, 4M, EV 80.0 MPH)
|
Bottom of the 7th over - 0 runs, 0 hits, 0 errors, 0 left on base; New York 2 - Kansas City 1 |
TOP OF THE 8TH |
New York Yankees batting - Pitching for Kansas City Royals : RHP Elijah Lewis
|
Pitching: LHP Gregg Meyers
|
|
Batting: RHB Russ Shambaugh
|
0-0: Ball 1-0: Fly out, F5 (Popup, 5SF, EV 85.0 MPH)
|
Batting: RHB James Boynton
|
0-0: Foul Ball, location: 2F 0-1: Ball 1-1: Swinging Strike 1-2: Strikes out swinging
|
Batting: SHB Bartholomeu Chambino
|
0-0: TRIPLE (Line Drive, 89XD, EV 105.0 MPH)
|
Batting: RHB Devon Utley
|
0-0: Ball 1-0: Ground out U3 (Groundball, 34, EV 101.2 MPH)
|
Top of the 8th over - 0 runs, 1 hit, 0 errors, 1 left on base; New York 2 - Kansas City 1 |
BOTTOM OF THE 8TH |
Kansas City Royals batting - Pitching for New York Yankees : RHP John Brice
|
Pitching: LHP Joel Pacheco
|
|
Batting: RHB Mikolas Markus
|
0-0: SINGLE (Line Drive, 56D, EV 96.9 MPH)
|
Batting: SHB Jose Pacheco
|
0-0: Ball 1-0: Fly out, F2 (Popup, 2RF, EV 86.9 MPH)
|
Batting: LHB Roman Downey
|
0-0: Foul Ball, location: 2F 0-1: Ball 1-1: Ball 2-1: Swinging Strike 2-2: Ball 3-2: Strikes out swinging
|
Batting: RHB Yuichi Takata
|
0-0: Ball 1-0: Foul Ball, location: 2F 1-1: Swinging Strike 1-2: Foul Ball, location: 2F 1-2: Strikes out looking
|
Bottom of the 8th over - 0 runs, 1 hit, 0 errors, 1 left on base; New York 2 - Kansas City 1 |
TOP OF THE 9TH |
New York Yankees batting - Pitching for Kansas City Royals : LHP Gregg Meyers
|
Pitching: RHP Dan Dill
|
|
Batting: RHB C.J. Richerson
|
0-0: Foul Ball, location: 2F 0-1: Ball 1-1: Foul Ball, location: 2F 1-2: Ground out 6-3 (Groundball, 6, EV 93.1 MPH)
|
Batting: RHB Geni Prawiranega
|
0-0: Called Strike 0-1: Ground out 5-3 (Groundball, 56S, EV 85.6 MPH)
|
Pinch Hitting: RHB Mike Gifford
|
0-0: Called Strike 0-1: Ball 1-1: Ball 2-1: Swinging Strike 2-2: Strikes out swinging
|
Top of the 9th over - 0 runs, 0 hits, 0 errors, 0 left on base; New York 2 - Kansas City 1 |
BOTTOM OF THE 9TH |
Kansas City Royals batting - Pitching for New York Yankees : LHP Joel Pacheco
|
Pitching: RHP Tim Catalano
|
|
Now at SS: Dan Morris
|
|
Batting: RHB Bob Najar
|
0-0: Called Strike 0-1: Ball 1-1: Ball 2-1: Fly out, F9 (Flyball, 89D, EV 96.2 MPH)
|
Batting: LHB Bill Baconneck
|
0-0: Ball 1-0: Foul Ball, location: 2F 1-1: Ground out 4-3 (Groundball, 4, EV 98.8 MPH)
|
Batting: LHB Chris Eaker
|
0-0: Ball 1-0: Called Strike 1-1: Ball 2-1: Foul Ball, location: 2F 2-2: Foul Ball, location: 2F 2-2: Strikes out looking
|
Bottom of the 9th over - 0 runs, 0 hits, 0 errors, 0 left on base; New York 2 - Kansas City 1 |
|